 Dungeon Crawl Stone Soup version 0.30-a0-782-ge64f9170bb (webtiles) character file.

Game seed: 7850385049919758475

95 Bnni the Stinger (level 4, 0/33 HPs)
             Began as a Formicid Venom Mage on Feb 28, 2023.
             Slain by an adder (1 damage)
             ... on level 3 of the Dungeon.
             The game lasted 00:04:06 (1830 turns).

Bnni the Stinger (Formicid Venom Mage)              Turns: 1830, Time: 00:04:07

Health: 0/33       AC:  2    Str: 15    XL:     4   Next: 97%
Magic:  5/8        EV: 12    Int: 14    God:
Gold:   95         SH:  0    Dex: 14    Spells: 6/9 levels left

rFire   . . .      SeeInvis +    o - +2 whip of Doboargh {vamp, Contam rElec rCorr}
rCold   . . .      Faith    .    (no shield)
rNeg    . . .      Spirit   .    a - +0 robe
rPois   .          Reflect  .    (helmet unavailable)
rElec   +          Harm     .    m - scarf {repulsion}
rCorr   +          Rampage  .    (no gloves)
Will    .....                    (no boots)
Stlth   ++                       (no amulet)
HPRegen 0.25/turn                (no ring)
MPRegen 0.11/turn                (no ring)

@: lethally poisoned (0 -> -3), repel missiles
A: permanent stasis, dig shafts and tunnels, antennae 3, four strong arms
a: Dig, Shaft Self


You were on level 3 of the Dungeon.
You visited 1 branch of the dungeon, and saw 3 of its levels.

You collected 95 gold pieces.

Inventory:

Hand Weapons
 o - the +2 whip of Doboargh (weapon) {vamp, Contam rElec rCorr}
   (You found it on level 3 of the Dungeon)

   rElec:     It insulates you from electricity.
   Contam:    It causes magical contamination when unequipped.
   rCorr:     It protects you from acid and corrosion.
Armour
 a - a +0 robe (worn)
 f - a +0 cloak
 m - a scarf of repulsion (worn)
Wands
 p - a wand of polymorph (12)
Scrolls
 c - 2 scrolls of identify {unknown}
 g - a scroll of enchant armour {unknown}
 h - a scroll of blinking {unknown}
 l - a scroll of poison {unknown}
 n - a scroll of teleportation {unknown}
Potions
 b - a potion of magic
 d - a potion of heal wounds {unknown}
 e - a potion of resistance {unknown}
 i - 2 potions of curing {unknown}
 j - 3 potions of haste {unknown}
 k - a potion of attraction {unknown}


   Skills:
 + Level 2.0 Fighting
 - Level 1.7 Dodging
 - Level 2.4 Stealth
 - Level 3.0 Spellcasting
 - Level 1.1 Transmutations
 * Level 5.7 Poison Magic


You had 6 spell levels left.
You knew the following spells:

 Your Spells              Type           Power      Damage    Failure   Level
a - Sting                 Tmut/Pois      44%        1d5       5%          1
b - Poisonous Vapours     Pois/Air       20%        N/A       10%         2

Your spell library contained the following spells:

 Spells                   Type           Power      Damage    Failure   Level
 Olgreb's Toxic Radiance  Pois           18%        N/A       21%         4
 Apportation              Tloc           4%         N/A       22%         1
 Mephitic Cloud           Conj/Pois/Air  7%         N/A       30%         3
 Alistair's Intoxication  Tmut/Pois      7%         N/A       82%         5


Dungeon Overview and Level Annotations

Branches:
Dungeon (3/15)

Altars:


Innate Abilities, Weirdness & Mutations

You cannot be hasted, slowed, berserked, paralysed or teleported.
You can dig through walls and to a lower floor.
You have a pair of large antennae on your head. (SInv)
Your four strong arms can wield two-handed weapons with a shield.


Message History

* * * LOW HITPOINT WARNING * * *
You feel sick. The adder closely misses you.
You whack the adder!
You feel better.
The adder is severely wounded.
You feel sick. The adder closely misses you. The adder barely misses you.
You barely miss the adder.
The adder is severely wounded.
You feel sick.
An adder comes into view.
The adder bites you.
You closely miss the adder.
The adder is severely wounded.
You feel sick.
You are no longer poisoned.
The adder bites you but does no damage.
You barely miss the adder.
The adder is severely wounded.
The adder bites you.
* * * LOW HITPOINT WARNING * * *
The adder closely misses you.
Aiming: Sting (safe; 5% risk of failure)
Press: ? - help, Q - select action, (/) - cycle Shift-Dir - straight line, f/p - adder
Aim: an adder (severely wounded, 53% to hit)
The sting hits the adder but does no damage.
The adder is poisoned.
The adder is severely wounded.
The adder hisses angrily.
The adder bites you.
* * * LOW HITPOINT WARNING * * *
Your magical contamination has completely faded away.
You miss the adder.
The adder is severely wounded.
The adder closely misses you. The adder barely misses you.
You closely miss the adder.
The adder is severely wounded.
The adder bites you.
* * * LOW HITPOINT WARNING * * *
You are lethally poisoned!
The adder poisons you! The adder misses you. The adder bites you.
You die...

.. ##.#. #.### .#
.... #.... ......
#...{ #.#.<##
#..##.###.#...#
##..##.......#.###.#
#......>...)S.......
#...##.# #@S#
#......# #..#
#.#.#### #..# #.#)#
#..# #.#.# #..#
#.#.########..#
#.#...........#
#.###########.# #.#
!#


You could see 2 adders.

Vanquished Creatures
  Robin (D:2)
  2 adders
  A worm (D:2)
  An orc (D:3)
  3 ball pythons
  2 endoplasms
  4 giant cockroaches
  17 goblins
  8 hobgoblins
  3 jackals (D:1)
  A quokka (D:1)
  2 frilled lizards
  3 kobolds
  4 rats
52 creatures vanquished.

Notes
Turn   | Place    | Note
-------+----------+-------------------------------------------
     0 | D:1      | Bnni the Formicid Venom Mage began the quest for the Orb.
     0 | D:1      | Reached XP level 1. HP: 13/13 MP: 3/3
   201 | D:1      | Reached XP level 2. HP: 20/20 MP: 1/5
   558 | D:1      | Learned a level 2 spell: Poisonous Vapours
   580 | D:2      | Reached XP level 3. HP: 25/25 MP: 2/7
   586 | D:2      | Reached skill level 1 in Fighting
   760 | D:2      | Found a faded altar of an unknown god.
  1055 | D:2      | Reached skill level 5 in Poison Magic
  1139 | D:2      | Reached XP level 4. HP: 32/32 MP: 8/8
  1232 | D:2      | Noticed Robin
  1262 | D:2      | Killed Robin
  1620 | D:3      | Identified the +2 whip of Doboargh {vamp, Contam rElec
                  | rCorr}
  1830 | D:3      | HP: 1/33 [adder (4)]
  1830 | D:3      | Slain by an adder

Illustrated notes

Levels and vault maps discovered:
D:1:      dpeg_arrival_rooms_with_view, layout_rooms,
          nicolae_kite_square_tiling_tiny
D:2:      layout_basic, shapermc_ecumenical_altar_notcrosses,
          due_unseen_surprise, uniq_robin
D:3:      layout_loops_ring

Skill      XL: |  1  2  3  4 |
---------------+-------------+-----
Fighting       | 1 2 |  2.0
Spellcasting   | 3 |  3.0
Poison Magic   | 5 |  5.7
Dodging        | |  1.7
Stealth        | |  2.4
Transmutations | |  1.1

Action                     |  1- 3 |  4- 6 || total
---------------------------+-------+-------++-------
  Melee: Short sword       |    29 |       ||    29
         Unarmed           |     3 |       ||     3
         Spear             |    27 |       ||    27
         Trident           |    11 |    41 ||    52
         Whip              |       |    31 ||    31
         Punch             |       |     2 ||     2
   Cast: Sting             |    30 |    17 ||    47
Ability: Dig               |     1 |     1 ||     2
   Stab: Sleeping          |       |     1 ||     1
 Armour: Robe              |    12 |    15 ||    27
  Dodge: Dodged            |    46 |    55 ||   101

Table legend: (Time is in decaauts)
 A = Elapsed time spent in this place.
 B = Non-inter-level travel time spent in this place.
 C = Inter-level travel time spent in this place.
 D = Time resting spent in this place.
 E = Time spent auto-exploring this place.
 F = Levels seen in this place.
 G = Mean time per level.
                   A        B        C        D        E       F      G
               +--------+--------+--------+--------+--------+-----+--------+
         Total |   1848 |   1815 |     33 |     73 |   1287 |   3 |  616.0 |
       Dungeon |   1848 |   1815 |     33 |     73 |   1287 |   3 |  616.0 |
               +--------+--------+--------+--------+--------+-----+--------+

Top non-repeatable levels by time:
     D:2: 928 daAuts
     D:1: 566 daAuts
     D:3: 354 daAuts
